 Dungeon Crawl Stone Soup version 0.23-a0-539-g3f6f39f (webtiles) character file.

21 Amnesiac the Sneak (level 2, -3/13 HPs)
             Began as a Spriggan Enchanter on Dec 7, 2018.
             Killed from afar by an orc (7 damage)
             ... on level 4 of the Dungeon.
             The game lasted 00:02:39 (695 turns).

Amnesiac the Sneak (Spriggan Enchanter)              Turns: 695, Time: 00:02:40

Health: -3/13      AC:  2    Str:  4    XL:     2   Next: 62%
Magic:  2/7        EV: 19    Int: 16    God:
Gold:   42         SH:  0    Dex: 16    Spells: 4/7 levels left

rFire    . . .     SeeInvis +   a - +1 dagger
rCold    . . .     Gourm    .   (shield restricted)
rNeg     . . .     Faith    .   b - +0 robe
rPois    .         Spirit   .   (helmet restricted)
rElec    .         Reflect  .   (no cloak)
rCorr    .         Harm     .   (gloves unavailable)
MR       .....                  (boots unavailable)
Stlth    +++.......             (no amulet)
HPRegen  0.04/turn              (no ring)
MPRegen  0.10/turn              (no ring)

@: very quick
A: very small, unfitting armour, see invisible, herbivore, speed 3, slow
metabolism 2
a: no special abilities


You were on level 4 of the Dungeon.
You were not hungry.

You visited 1 branch of the dungeon, and saw 4 of its levels.

You collected 42 gold pieces.

Inventory:

Hand Weapons
 a - a +1 dagger (weapon)
Armour
 b - a +0 robe (worn)
Scrolls
 c - a scroll of immolation {!r, unknown}
 e - a scroll of amnesia {!r, unknown}
Potions
 f - 2 potions of degeneration {!q, unknown}
 g - 2 potions of haste {!q, unknown}
 h - 2 potions of lignification {!q, unknown}
 i - a potion of heal wounds {!q, unknown}
Comestibles
 d - a ration


   Skills:
 + Level 1.6 Short Blades
 + Level 3.4 Dodging
 + Level 4.8 Stealth
 - Level 3.0 Spellcasting
 + Level 3.9 Hexes


You had 4 spell levels left.
You knew the following spells:

 Your Spells              Type           Power        Failure   Level  Hunger
a - Ensorcelled Hibernat  Hex/Ice        #.....       13%         2    ##.....
b - Corona                Hex            ##.....      3%          1    #......

Your spell library contained the following spells:

 Spells                   Type           Power        Failure   Level  Hunger
 Confuse                  Hex            ##......     11%         3    ###....
 Tukima's Dance           Hex            ##......     11%         3    ###....
 Dazzling Spray           Conj/Hex       #.....       26%         3    ###....


Dungeon Overview and Level Annotations

Branches:
Dungeon (4/15)
 Temple: D:4-7

Altars:
Cheibriados


Innate Abilities, Weirdness & Mutations

You are very small and have problems with some larger weapons.
You are too small for most types of armour.
You have supernaturally acute eyesight. (SInv)
You are a herbivore.
You cover ground extremely quickly.
You need to consume almost no food.


Message History

The ball python completely misses you. The ball python closely misses you.
Unknown command.
Casting: Ensorcelled Hibernation (safe; 13% risk of failure)
Confirm with . or Enter, or press ? or * to list all spells.
Aiming: Ensorcelled Hibernation (safe; 13% risk of failure)
Press: ? - help, Shift-Dir - straight line, f/p - ball python
Aim: a ball python (chance to defeat MR: 57%)
The ball python looks drowsy...
Unknown command.
The helpless ball python fails to defend itself.
You impale the ball python!!
You kill the ball python!
You start resting.
Magic restored.
You see here a ball python corpse.
An adder comes into view.
The adder hisses angrily.
Found a papyrus book.
Casting: Ensorcelled Hibernation (safe; 13% risk of failure)
Confirm with . or Enter, or press ? or * to list all spells.
Aiming: Ensorcelled Hibernation (safe; 13% risk of failure)
Press: ? - help, Shift-Dir - straight line, f - adder
Aim: an adder (chance to defeat MR: 49%)
The adder resists with some effort.
The adder misses you.
Unknown command.
Casting: Ensorcelled Hibernation (safe; 13% risk of failure)
Confirm with . or Enter, or press ? or * to list all spells.
Aiming: Ensorcelled Hibernation (safe; 13% risk of failure)
Press: ? - help, Shift-Dir - straight line, f/p - adder
Aim: an adder (chance to defeat MR: 49%)
The adder resists with some effort.
The adder bites you.
You are poisoned.
The adder poisons you! The adder bites you.
Unknown command.
Casting: Ensorcelled Hibernation (safe; 13% risk of failure)
Confirm with . or Enter, or press ? or * to list all spells.
Aiming: Ensorcelled Hibernation (safe; 13% risk of failure)
Press: ? - help, Shift-Dir - straight line, f/p - adder
Aim: an adder (chance to defeat MR: 49%)
You miscast Ensorcelled Hibernation.
You are very lightly contaminated with residual magic.
Your skin tingles.
You feel sick. The adder completely misses you.
Unknown command.
You feel sick.
You feel sick.
You feel sick.
You see here a ball python corpse.
You open the door.
You feel sick.
There is an open door here.
As you close the door, it creaks loudly!
You hear a shout!
You start resting.
You feel sick.
You are no longer poisoned.
You start resting.
An orc comes into view. It is wielding a +0 hand axe.
Your magical contamination has completely faded away.
An orc is nearby!
You open the door.
The orc throws an exploding tomahawk.
The exploding tomahawk closely misses you.
The exploding tomahawk explodes!
The explosion of tomahawk fragments engulfs you!
Ouch! That really hurt!
You die...

....+ #...#####.. ...#
+......... ...+ #.....###
o..#######+# #.....#######
#........#.#. +............
............. #...#..#####
#.##...#.#.. .......##
#.##........ ........#
#@##.....# #
........########'##.....# .#
....#.#..†..............#..#
#####.#..######...#........#
# ###.#..######...#........#
............S................
.####........................
.# #############......#.####
.# #......#...


You could see an orc.

Vanquished Creatures
  An ooze (D:3)
  A dart slug (D:2)
  3 ball pythons
  A goblin (D:3)
  3 hobgoblins
  A kobold (D:3)
  A bat (D:2)
  2 frilled lizards (D:1)
  A rat (D:1)
14 creatures vanquished.

Notes
Turn   | Place    | Note
-------+----------+-------------------------------------------
     0 | D:1      | Amnesiac the Spriggan Enchanter began the quest for the
                  | Orb.
     0 | D:1      | Reached XP level 1. HP: 9/9 MP: 5/5
   252 | D:2      | Reached XP level 2. HP: 13/13 MP: 4/6
   256 | D:2      | Learned a level 2 spell: Ensorcelled Hibernation
   575 | D:4      | Found a snail-covered altar of Cheibriados.
   695 | D:4      | Killed from afar by an orc

Vault maps used:
D:1:      minmay_arrival_loop, minmay_misc_feat_room
D:2:      nemelex_xobeh_ov_fountains_minmay, first_ration, serial_forest,
          infiniplex_forest_straight_1, infiniplex_forest_lined_3_way,
          infiniplex_forest_clump_double, infiniplex_forest_3_way,
          infiniplex_forest_lined_2, infiniplex_forest_clump_medium,
          infiniplex_forest_split
D:3:      wad_woods_tower, lemuel_round_altar, tgw_sif,
          lemuel_coloured_pillars_altar, gammafunk_temple_overflow_wave,
          st_stairs_10
D:4:      marbit_many_paths, minmay_temple_entry_nine_rooms, hex_intersection,
          kennysheep_generic_room_2

Skill      XL: |  1  2 |
---------------+-------+-----
Spellcasting   | 3 |  3.0
Short Blades   | |  1.6
Dodging        | |  3.4
Stealth        | |  4.8
Hexes          | |  3.9

Action                   || total
-------------------------++-------
Melee: Dagger            ||    26
 Cast: Corona            ||     3
       Ensorcelled Hiber ||    14
 Stab: Sleeping          ||    11
Dodge: Dodged            ||    33

Table legend:
 A = Non-vault XP
 B = Vault XP
 C = Vault XP percentage of total XP
 D = Non-vault monster count
 E = Vault monster count
 F = Vault count percentage of total count
                 A         B        C        D         E       F
            +---------+---------+-------+---------+---------+-------
      Total |      30 |       0 |   0.0 |      14 |       0 |   0.0
            +---------+---------+-------+---------+---------+-------
        D:1 |       7 |       0 |   0.0 |       5 |       0 |   0.0
        D:2 |       7 |       0 |   0.0 |       3 |       0 |   0.0
        D:3 |      14 |       0 |   0.0 |       4 |       0 |   0.0
        D:4 |       2 |       0 |   0.0 |       2 |       0 |   0.0
            +---------+---------+-------+---------+---------+-------
